 Dungeon Crawl Stone Soup version 0.23.2-1-ga50397a (webtiles) character file.

Game seed: 13468089343148156166

71428 dvd the Scorcher (level 15, -1/88 HPs)
             Began as an Octopode Fire Elementalist on May 22, 2019.
             Was a High Priest of Vehumet.
             Slain by a death ooze (26 damage)
             ... on level 2 of the Lair of Beasts on May 23, 2019.
             The game lasted 01:50:37 (32607 turns).

dvd the Scorcher (Octopode Fire Elementalist)      Turns: 32607, Time: 01:50:38

Health: -1/88      AC:  1    Str:  7    XL:     15   Next: 36%
Magic:  32/40      EV: 15    Int: 28    God:    Vehumet [*****.]
Gold:   759        SH: 13    Dex: 13    Spells: 0/39 levels left

rFire    + . .     SeeInvis .   G - +3 mace "Keoskauxt" {crush, rC+ Int+4 Stlth+}
rCold    + . .     Gourm    .   n - +3 buckler {rC+}
rNeg     + . .     Faith    .   (helmet restricted)
rPois    .         Spirit   .   M - +5 amulet of reflection
rElec    .         Reflect  +   a - ring of stealth
rCorr    .         Harm     .   F - ring of wizardry
MR       ++...                  E - ring of wizardry
Stlth    +++++++...             k - ring of stealth
HPRegen  0.24/turn              x - ring of fire
MPRegen  0.27/turn              N - ring of magical power
                                O - ring of protection from magic
                                P - ring of positive energy

@: very slightly contaminated
A: almost no armour, stealthy swim, amphibious, 8 rings, constrict 8, camouflage
1, gelatinous body 1
a: Renounce Religion


You were on level 2 of the Lair of Beasts.
You worshipped Vehumet.
Vehumet was extremely pleased with you.
You were hungry.

You visited 4 branches of the dungeon, and saw 22 of its levels.
You also visited: Ice Cave.

You collected 2139 gold pieces.
You spent 1380 gold pieces at shops.

Inventory:

Hand Weapons
 c - the +4 mace of Turmoil {vamp, +Blink rC+ Str-2 Dex+5}
   (You found it on level 6 of the Dungeon)

   It inflicts no extra harm, but heals its wielder when it wounds a living foe.
   It affects your strength (-2).
   It affects your dexterity (+5).
   It protects you from cold.
   It lets you blink.
 e - a +4 whip of electrocution
 h - a +5 scimitar of freezing
 C - a +5 rapier of draining
 D - the +2 war axe of the Evening {elec, *Rage rF+ rC+ Int+4}
   (You found it on level 5 of the Dungeon)

   Occasionally, upon striking a foe, it will discharge some electrical energy
   and cause terrible harm.
   It affects your intelligence (+4).
   It protects you from fire.
   It protects you from cold.
   It may make you go berserk in combat.
 G - the +3 mace "Keoskauxt" (weapon) {crush, rC+ Int+4 Stlth+}
   (You found it on level 6 of the Dungeon)

   It inflicts extra damage upon your enemies.
   It affects your intelligence (+4).
   It protects you from cold.
   It makes you more stealthy.
 I - a +2 hand axe of flaming
Armour
 n - a +3 buckler of cold resistance (worn)
Magical Staves
 H - an uncursed staff of air
Jewellery
 a - a ring of stealth (left tentacle)
 k - a ring of stealth (on tentacle)
 x - a ring of fire (on tentacle)
 E - a ring of wizardry (on tentacle)
 F - a ring of wizardry (right tentacle)
 M - a +5 amulet of reflection (around mantle)
 N - a ring of magical power (on tentacle)
 O - a ring of protection from magic (on tentacle)
 P - a ring of positive energy (on tentacle)
Wands
 f - a wand of polymorph (6)
 t - a wand of paralysis (7)
 u - a wand of scattershot (12)
 v - a wand of acid (1)
 y - a wand of iceblast (20)
 z - a wand of random effects (68)
 L - a wand of flame (23)
 Q - a wand of enslavement (8)
Scrolls
 g - 5 scrolls of enchant weapon
 j - 5 scrolls of teleportation
 l - 14 scrolls of identify
 m - 2 scrolls of enchant armour
 r - a scroll of amnesia
 s - 2 scrolls of blinking
 w - 5 scrolls of remove curse
 A - a scroll of fog
Potions
 d - 4 potions of flight
 i - 5 potions of brilliance
 o - 3 potions of agility
 p - 6 potions of curing
 q - 4 potions of haste
 B - 2 potions of magic
 J - 2 potions of might
 R - 2 potions of resistance
Comestibles
 b - 39 rations


   Skills:
 + Level 3.3 Fighting
 + Level 0.1(0.3) Short Blades
 + Level 0.3(0.4) Long Blades
 + Level 1.0(2.4) Axes
 + Level 3.5(3.6) Maces & Flails
 + Level 4.8 Dodging
 + Level 5.8 Stealth
 + Level 5.7 Shields
 + Level 12.5 Spellcasting
 + Level 11.1 Conjurations
 + Level 2.1 Summonings
 + Level 2.4 Translocations
 + Level 0.9 Transmutations
 * Level 15.0 Fire Magic
 + Level 0.9 Ice Magic
 * Level 8.5 Air Magic
   Level 0.4 Earth Magic
 + Level 1.3 Evocations


You couldn't memorise any spells.
You knew the following spells:

 Your Spells              Type           Power        Failure   Level  Hunger
a - Flame Tongue          Conj/Fire      #####        0%          1    None
b - Throw Flame           Conj/Fire      ######       0%          2    None
c - Sticky Flame          Conj/Fire      #######.     1%          4    None
d - Freezing Cloud        Conj/Ice/Air   ######....   3%          6    ####...
e - Blink                 Tloc           N/A          1%          2    None
f - Fireball              Conj/Fire      #######...   1%          5    ##.....
g - Summon Lightning Spi  Summ/Air       #####...     1%          4    None
h - Bolt of Fire          Conj/Fire      #######...   1%          6    ####...
i - Irradiate             Conj/Tmut      ######....   1%          5    ##.....
j - Airstrike             Air            ######....   1%          4    None

Your spell library contained the following spells:

 Spells                   Type           Power        Failure   Level  Hunger
 Animate Skeleton         Necr           N/A          1%          1    None
 Apportation              Tloc           ####..       1%          1    None
 Confusing Touch          Hex            ###...       1%          1    None
 Corona                   Hex            ###....      1%          1    None
 Freeze                   Ice            ###.         1%          1    None
 Magic Dart               Conj           ####         1%          1    None
 Shock                    Conj/Air       ####         1%          1    None
 Summon Butterflies       Summ           ####....     1%          1    None
 Summon Small Mammal      Summ           ####         1%          1    None
 Call Imp                 Summ           ####....     1%          2    None
 Ensorcelled Hibernation  Hex/Ice        ###...       1%          2    None
 Slow                     Hex            ###.....     1%          2    None
 Swiftness                Chrm/Air       #####...     1%          2    None
 Throw Frost              Conj/Ice       ######       1%          2    None
 Call Canine Familiar     Summ           ####....     1%          3    None
 Conjure Flame            Conj/Fire      #######.     1%          3    None
 Dazzling Spray           Conj/Hex       #####.       1%          3    None
 Inner Flame              Hex/Fire       ######..     1%          3    None
 Mephitic Cloud           Conj/Pois/Air  ######..     1%          3    None
 Static Discharge         Conj/Air       ######..     1%          3    None
 Summon Guardian Golem    Hex/Summ       ###.....     1%          3    None
 Throw Icicle             Conj/Ice       ######..     1%          4    None
 Lightning Bolt           Conj/Air       ######....   1%          5    ##.....
 Confuse                  Hex            ###.....     2%          3    None
 Ozocubu's Armour         Chrm/Ice       ###.....     2%          3    None
 Tukima's Dance           Hex            ###.....     2%          3    None
 Summon Ice Beast         Ice/Summ       ####....     4%          4    None
 Summon Mana Viper        Hex/Summ       ###.....     16%         5    ##.....
 Summon Hydra             Summ           ####......   92%         7    ######.


Dungeon Overview and Level Annotations

Branches:
Dungeon (14/15)            Temple (1/1) D:4            Lair (5/6) D:8
 Shoals (0/4) Lair:2        Snake (0/4) Lair:3          Orc (2/2) D:12
    Elf (0/3) Orc:2        Vaults (0/5) D:14
  Slime: Lair:5-6

Altars:
Ashenzari
Cheibriados
Dithmenos
Elyvilon
Fedhas
Gozag
Hepliaklqana
Kikubaaqudgha
Makhleb
Nemelex Xobeh
Okawaru
Qazlal
Ru
Sif Muna
Trog
Uskayaw
Vehumet
Wu Jian
Xom
Yredelemnul
Zin
The Shining One
Jiyva

Shops:
D:6 [   D:7 *   D:9 (   Orc:2 =}(?

Annotations:
Lair:2 Labyrinth's ghost, novice MiHu
Lair:3 exclusion: 2 oklob plants
Lair:4 1 runed translucent door, Nyzic's ghost, journeyman TrMo
Lair:5 Rupert


Innate Abilities, Weirdness & Mutations

You cannot wear most types of armour.
You are very stealthy in the water. (Stealth+)
You are amphibious.
You can wear up to eight rings at the same time.
You can use your tentacles to constrict eight enemies at once.
Your skin changes colour to match your surroundings (Stealth+).
Your rubbery body absorbs attacks. (AC +1, EV +1)


Message History

You kill the jelly!
Vehumet accepts your kill.
You feel your power returning.
Labyrinth's ghost is engulfed in freezing vapours.
You block the death ooze's attack. The death ooze hits you!
* * * LOW HITPOINT WARNING * * *
Unknown command.
Unknown command.
The slime creature is engulfed in freezing vapours.
Two slime creatures merge to form a large slime creature.
The jelly is engulfed in freezing vapours.
Labyrinth's ghost is engulfed in freezing vapours.
Unknown command.
The jelly is engulfed in freezing vapours.
You kill the jelly!
Vehumet accepts your kill.
Labyrinth's ghost is engulfed in freezing vapours.
The death ooze closely misses you. You block the death ooze's attack.
The death ooze hits you!!
You die...

.................................
.................................
.#..##........#.##.............†.
#.####......#.##...#.............
.######...........##.....P.###+.#
....###....>.#....#P.....#..##.#.
.....##.....JW....##.....+......#
P.....'......#....'.......#....#.
##.####...J.##.J@<##......#......
#####.....W.###..#.......#.......
#.##.##'''####P...#......[###..#P
....##...JJ##(...........P.##....
....#.......#....................
....#[......#...................>
....#.......#....................
....##.(?$.##....................
.....##?_?##..........>..........


You could see a slime creature, a death ooze and Labyrinth's ghost.

Vanquished Creatures
  Kirke (Lair:4)
  An orc warlord (Orc:2)
  A reaper (IceCv)
  Harold (D:7)
  Erolcha (D:11)
  4 hydras
  A centaur warrior (D:13)
  17 two-headed ogres
  4 ogre magi (Orc:2)
  Urug (D:11)
  A wizard (D:14)
  A deep elf mage (D:12)
  2 manticores
  4 ugly things
  3 cyclopes
  2 ice statues (IceCv)
  Joseph (D:8)
  A black mamba (Lair:2)
  2 centaur zombies (D:12)
  9 spiny frogs
  Psyche (D:11)
  3 rime drakes
  5 komodo dragons
  An efreet (D:14)
  10 ice devils (IceCv)
  A polar bear (Lair:4)
  4 trolls
  2 hornets
  Prince Ribbit (D:9)
  10 hippogriffs
  6 blink frogs
  3 slime creatures (D:12)
  2 dream sheep (D:8)
  A wraith (D:10)
  2 wyverns
  A vampire (D:12)
  A hog (Lair:3)
  39 yaks
  2 basilisks
  A tarantella (shapeshifter) (D:14)
  Eustachio (D:4)
  A basilisk (shapeshifter) (D:14)
  2 hungry ghosts
  3 vampire mosquitoes (D:14)
  A steam dragon (D:14)
  6 wargs
  3 swamp worms (Lair:1)
  4 nagas (Lair:3)
  A soldier ant (D:13)
  29 water moccasins
  A naga (shapeshifter) (D:14)
  8 porcupines
  A hornet zombie (D:7)
  25 orc warriors
  3 black bears (Lair:3)
  2 ice beasts
  An eye of draining (D:14)
  8 sky beasts
  A necrophage (D:6)
  28 ogres
  2 phantoms (D:9)
  13 wolves
  3 centaurs
  10 crocodiles
  4 big kobolds
  28 bullfrogs
  Blork the orc (D:4)
  A wyvern zombie (D:13)
  A wyvern skeleton (D:7)
  A scorpion (D:10)
  15 killer bees
  4 wights (D:9)
  2 electric eels (Lair:2)
  2 howler monkeys (D:14)
  A bullfrog zombie (D:5)
  8 crimson imps
  4 quasits
  2 bullfrog skeletons
  8 hounds
  Crazy Yiuf (D:6)
  2 jellies (Lair:2)
  22 orc priests
  5 iguanas
  15 worker ants
  16 orc wizards
  A killer bee zombie (D:6)
  A hound skeleton (D:10)
  25 adders
  3 gnolls (D:3)
  3 white imps (IceCv)
  6 ufetubi (IceCv)
  An ooze (D:3)
  2 adder zombies
  An adder skeleton (D:4)
  3 worms
  4 dart slugs
  8 leopard geckos
  77 orcs
  3 ball pythons
  4 bats
  7 giant cockroaches
  12 goblins
  7 hobgoblins
  12 jackals
  6 quokkas
  10 frilled lizards
  15 kobolds
  A leopard gecko zombie (D:6)
  16 rats
  2 fungi
  3 plants (Lair:4)
687 creatures vanquished.

Vanquished Creatures (collateral kills)
  An orc warlord (Orc:1)
  A stone giant (Orc:2)
  A hydra (Lair:1)
  A komodo dragon (Lair:2)
  2 swamp worms (Lair:1)
  2 water moccasins
  2 orc warriors
  An ogre (Orc:2)
  3 bullfrogs
  A scorpion (D:11)
  3 howler monkeys (D:11)
  A hound (D:11)
  4 orcs
  A quokka (D:11)
24 creatures vanquished.

Vanquished Creatures (others)
  A two-headed ogre (D:12)
  2 humans (Lair:4)
  A hound (D:12)
  6 white imps (IceCv)
  5 ufetubi (IceCv)
  3 fungi
  9 plants
  12 toadstools (Lair:3)
39 creatures vanquished.

Grand Total: 750 creatures vanquished

Notes
Turn   | Place    | Note
-------+----------+-------------------------------------------
     0 | D:1      | dvd the Octopode Fire Elementalist began the quest for the
                  | Orb.
     0 | D:1      | Reached XP level 1. HP: 11/11 MP: 3/3
   129 | D:1      | Reached XP level 2. HP: 17/17 MP: 3/5
   223 | D:1      | Learned a level 2 spell: Throw Flame
   566 | D:1      | Reached XP level 3. HP: 21/21 MP: 3/6
  1103 | D:2      | Reached skill level 4 in Fire Magic
  1586 | D:2      | Reached XP level 4. HP: 27/27 MP: 1/7
  1595 | D:2      | Learned a level 4 spell: Sticky Flame
  2538 | D:2      | Found a glowing golden altar of the Shining One.
  2589 | D:3      | Noticed a bullfrog
  2594 | D:3      | Killed a bullfrog
  2594 | D:3      | Reached XP level 5. HP: 31/31 MP: 1/9
  3034 | D:3      | Reached XP level 6. HP: 36/36 MP: 4/11
  3097 | D:3      | Found a hide-covered altar of Uskayaw.
  3115 | D:3      | Found a blossoming altar of Fedhas.
  4131 | D:4      | Noticed Eustachio
  4216 | D:4      | Learned a level 2 spell: Call Imp
  4606 | D:4      | Noticed Blork the orc
  4854 | D:4      | Found a staircase to the Ecumenical Temple.
  4862 | Temple   | Entered the Ecumenical Temple
  4882 | Temple   | Became a worshipper of Vehumet
  5022 | D:4      | Killed Eustachio
  5022 | D:4      | Reached skill level 1 in Shields
  5022 | D:4      | Reached XP level 7. HP: 36/42 MP: 9/13
  5047 | D:4      | Killed Blork the orc
  5047 | D:4      | Reached skill level 5 in Fire Magic
  5739 | D:5      | Entered Level 5 of the Dungeon
  6133 | D:5      | Got a dazzling war axe
  6134 | D:5      | Identified the cursed +2 war axe of the Evening {elec,
                  | *Rage rF+ rC+ Int+4} (You found it on level 5 of the
                  | Dungeon)
  6143 | D:5      | Learned a level 2 spell: Blink
  6439 | D:5      | Reached XP level 8. HP: 47/47 MP: 9/14
  6500 | D:5      | Reached skill level 1 in Fighting
  6749 | D:5      | Learned a level 5 spell: Fireball
  7097 | D:6      | Reached * piety under Vehumet
  7097 | D:6      | Offered knowledge of Sandblast by Vehumet.
  7121 | D:6      | Found a runed translucent door.
  7122 | D:6      | Got a fine mace
  7123 | D:6      | Identified the cursed +3 mace "Keoskauxt" {crush, rC+ Int+4
                  | Stlth+} (You found it on level 6 of the Dungeon)
  7155 | D:6      | Noticed Crazy Yiuf
  7162 | D:6      | Killed Crazy Yiuf
  7169 | D:6      | Got a translucent mace
  7617 | D:6      | Reached skill level 5 in Spellcasting
  7619 | D:6      | Found Vulutzos's Antique Armour Boutique.
  8184 | D:6      | Reached skill level 1 in Axes
  8323 | D:7      | Noticed Harold
  8365 | D:7      | Reached skill level 1 in Maces & Flails
  8365 | D:7      | Reached XP level 9. HP: 48/54 MP: 4/17
  8369 | D:7      | Learned a level 2 spell: Throw Frost
  8530 | D:7      | Reached skill level 6 in Fire Magic
  8939 | D:7      | Killed Harold
  8939 | D:7      | Reached skill level 5 in Conjurations
  8939 | D:7      | Reached skill level 7 in Fire Magic
  8939 | D:7      | Reached skill level 1 in Evocations
  9040 | D:7      | Found Gozag's Platinum Reserve.
  9044 | D:7      | Found an opulent altar of Gozag.
  9087 | D:7      | Reached ** piety under Vehumet
  9087 | D:7      | Offered knowledge of Shock by Vehumet.
  9313 | D:8      | Reached XP level 10. HP: 60/60 MP: 13/19
  9745 | D:8      | Noticed a two-headed ogre
  9750 | D:8      | Killed a two-headed ogre
  9750 | D:8      | Reached skill level 8 in Fire Magic
  9773 | D:8      | Learned a level 4 spell: Summon Lightning Spire
  9835 | D:8      | Offered knowledge of Stone Arrow by Vehumet.
  9836 | D:8      | Noticed a two-headed hydra
 10094 | D:8      | Found a staircase to the Lair.
 10136 | D:8      | Noticed Joseph
 10438 | D:8      | Killed Joseph
 10587 | D:8      | Killed a two-headed hydra
 10587 | D:8      | Reached skill level 9 in Fire Magic
 10932 | D:9      | Reached skill level 1 in Summonings
 10932 | D:9      | Reached XP level 11. HP: 64/64 MP: 15/22
 11118 | D:9      | Learned a level 3 spell: Stone Arrow
 11174 | D:9      | Found a blossoming altar of Fedhas.
 11218 | D:9      | Reached skill level 5 in Stealth
 11218 | D:9      | Reached skill level 1 in Translocations
 11466 | D:9      | Noticed Prince Ribbit
 11469 | D:9      | Killed Prince Ribbit
 11582 | D:9      | Reached *** piety under Vehumet
 11751 | D:9      | Reached skill level 1 in Air Magic
 11909 | D:9      | Found Raugynk's Antique Weapon Shoppe.
 12240 | D:10     | Entered Level 10 of the Dungeon
 12426 | D:10     | Reached skill level 10 in Fire Magic
 12707 | D:10     | Offered knowledge of Dazzling Spray by Vehumet.
 12872 | D:10     | Found a shadowy altar of Dithmenos.
 13279 | D:10     | Identified the +4 mace of Turmoil {vamp, +Blink rC+ Str-2
                  | Dex+5} (You found it on level 6 of the Dungeon)
 13312 | D:11     | Reached **** piety under Vehumet
 13417 | D:11     | Noticed Urug
 13425 | D:11     | Killed Urug
 13526 | D:11     | Noticed Psyche
 13529 | D:11     | Killed Psyche
 13529 | D:11     | Reached skill level 5 in Shields
 13706 | D:11     | Noticed Erolcha
 13710 | D:11     | Killed Erolcha
 13727 | D:11     | Noticed a cyclops
 13762 | D:11     | Offered knowledge of Irradiate by Vehumet.
 14188 | D:11     | Killed a cyclops
 14259 | D:11     | Noticed a manticore
 14264 | D:11     | Killed a manticore
 14740 | D:11     | Learned a level 5 spell: Irradiate
 14882 | Lair:1   | Entered Level 1 of the Lair of Beasts
 14894 | Lair:1   | Reached XP level 12. HP: 51/70 MP: 15/25
 14899 | Lair:1   | Noticed a seven-headed hydra
 15063 | Lair:1   | Killed a seven-headed hydra
 15063 | Lair:1   | Reached skill level 11 in Fire Magic
 15287 | Lair:1   | Noticed a seven-headed hydra
 15294 | Lair:1   | Killed a seven-headed hydra
 16075 | Lair:1   | HP: 1/70 [swamp worm (20)]
 16087 | Lair:1   | HP: 3/70 [porcupine (14)]
 16856 | D:12     | Found a frozen archway.
 16861 | IceCv    | Entered an ice cave
 17589 | IceCv    | Reached skill level 10 in Spellcasting
 17938 | IceCv    | Reached skill level 12 in Fire Magic
 18136 | IceCv    | Noticed a reaper
 18231 | IceCv    | Killed a reaper
 18700 | D:12     | Reached skill level 5 in Air Magic
 19011 | D:12     | Killed a two-headed ogre
 19021 | D:12     | Reached XP level 13. HP: 75/75 MP: 10/27
 19048 | D:12     | Reached ***** piety under Vehumet
 19058 | D:12     | Offered knowledge of Fulminant Prism by Vehumet.
 19848 | D:12     | Found a staircase to the Orcish Mines.
 20903 | Lair:2   | Found a staircase to the Shoals.
 21272 | Lair:2   | Reached skill level 13 in Fire Magic
 21602 | Lair:2   | Found a runed translucent gate.
 21602 | Lair:2   | Found a runed translucent gate.
 21602 | Lair:2   | Found a runed translucent gate.
 21603 | Lair:2   | Noticed Labyrinth's ghost (novice MiHu)
 21604 | Lair:2   | Noticed a death ooze
 22155 | Lair:2   | Found a viscous altar of Jiyva.
 22995 | Lair:3   | Offered knowledge of Poison Arrow by Vehumet.
 23505 | Lair:3   | Found a staircase to the Snake Pit.
 23702 | Lair:3   | Found a blossoming altar of Fedhas.
 24172 | Lair:4   | Noticed Kirke
 24176 | Lair:4   | Killed Kirke
 24176 | Lair:4   | Reached XP level 14. HP: 81/81 MP: 21/29
 25011 | Lair:4   | Reached skill level 10 in Conjurations
 25244 | Lair:4   | Found a runed translucent door.
 25244 | Lair:4   | Found a shimmering altar of Xom.
 25244 | Lair:4   | Noticed Nyzic's ghost (journeyman TrMo)
 25747 | Lair:5   | Noticed Rupert
 26487 | Lair:5   | Learned a level 4 spell: Airstrike
 26750 | Orc:1    | Entered Level 1 of the Orcish Mines
 26946 | Orc:2    | Entered Level 2 of the Orcish Mines
 26964 | Orc:2    | Noticed a stone giant
 27022 | Orc:2    | Killed a stone giant
 27022 | Orc:2    | Reached skill level 14 in Fire Magic
 28245 | Orc:2    | Offered knowledge of Bolt of Fire by Vehumet.
 28473 | Orc:2    | Learned a level 6 spell: Bolt of Fire
 29296 | Orc:2    | Found Kerhiz's Magic Scroll Shop.
 29296 | Orc:2    | Found Kaoxok's Gadget Emporium.
 29297 | Orc:2    | Found Silil's Weapon Emporium.
 29297 | Orc:2    | Found Yrghem's Jewellery Boutique.
 29307 | Orc:2    | Bought a +5 amulet of reflection for 535 gold pieces
 29308 | Orc:2    | Bought an uncursed ring of magical power for 260 gold
                  | pieces
 29548 | Orc:2    | Found a staircase to the Elven Halls.
 29578 | Orc:2    | Noticed an orc warlord
 29585 | Orc:2    | Killed an orc warlord
 29585 | Orc:2    | Reached XP level 15. HP: 87/87 MP: 21/31
 29771 | Orc:2    | Bought an uncursed ring of protection from magic for 325
                  | gold pieces
 30123 | Orc:1    | Noticed an orc warlord
 30132 | Orc:1    | Killed an orc warlord
 30346 | Orc:2    | Bought an uncursed ring of positive energy for 260 gold
                  | pieces
 31490 | D:14     | Offered knowledge of Freezing Cloud by Vehumet.
 31531 | D:13     | Learned a level 6 spell: Freezing Cloud
 31829 | D:14     | Reached skill level 15 in Fire Magic
 32014 | D:14     | Found a gate to the Vaults.
 32607 | Lair:2   | Slain by a death ooze

Skill      XL: |  1  2  3  4  5  6  7  8  9 10 11 12 13 14 15 |
---------------+----------------------------------------------+-----
Fire Magic     | 4 5 7 9 10 12 13 14 15 | 15.0
Stealth        | 3 4 5 |  5.8
Spellcasting   | 3 4 5 6 7 9 10 11 12 | 12.5
Conjurations   | 2 3 4 5 6 7 8 9 10 11 | 11.1
Dodging        | 3 4 |  4.8
Shields        | 1 2 4 5 |  5.7
Fighting       | 1 2 3 |  3.3
Axes           | 1 |  1.0
Maces & Flails | 1 2 3 |  3.5
Evocations     | 1 |  1.3
Summonings     | 1 2 |  2.1
Translocations | 1 2 |  2.4
Air Magic      | 3 5 6 7 8 |  8.5
Short Blades   | |  0.1
Long Blades    | |  0.3
Transmutations | |  0.9
Ice Magic      | |  0.9
Earth Magic    | |  0.4

Action                   |  1- 3 |  4- 6 |  7- 9 | 10-12 | 13-15 || total
-------------------------+-------+-------+-------+-------+-------++-------
Melee: Mace              |    11 |     2 |    33 |    30 |    55 ||   131
       Constrict         |     3 |     8 |    14 |     9 |    14 ||    48
       Tentacles         |     1 |     4 |     7 |     5 |    10 ||    27
       Falchion          |       |    11 |       |       |       ||    11
       War axe           |       |       |    24 |       |       ||    24
       Rapier            |       |       |    11 |       |       ||    11
 Cast: Flame Tongue      |    52 |    90 |    82 |   116 |   117 ||   457
       Throw Flame       |    14 |    45 |    57 |    76 |    26 ||   218
       Blink             |       |       |     4 |     6 |    16 ||    26
       Sticky Flame      |       |       |    20 |    32 |    60 ||   112
       Fireball          |       |       |     4 |   119 |   251 ||   374
       Call Imp          |       |       |     2 |       |       ||     2
       Throw Frost       |       |       |     4 |    10 |     2 ||    16
       Summon Lightning  |       |       |       |    10 |     8 ||    18
       Irradiate         |       |       |       |     1 |    11 ||    12
       Stone Arrow       |       |       |       |       |     2 ||     2
       Bolt of Fire      |       |       |       |       |    11 ||    11
       Airstrike         |       |       |       |       |    10 ||    10
       Freezing Cloud    |       |       |       |       |     2 ||     2
Evoke: Wand              |       |     2 |     8 |     6 |     1 ||    17
  Use: Scroll            |       |       |    12 |     9 |     7 ||    28
       Potion            |       |       |     2 |    15 |     3 ||    20
 Stab: Sleeping          |       |       |     1 |     1 |     3 ||     5
  Eat: Chunk             |     3 |    12 |    17 |    31 |    54 ||   117
       Ration            |       |       |       |     6 |     4 ||    10
Armor: Skin              |       |    12 |     5 |     1 |       ||    18
Dodge: Dodged            |    14 |    65 |   103 |    57 |    73 ||   312
Block: Buckler           |       |    12 |    29 |    22 |    58 ||   121
       Reflection        |       |       |       |       |     2 ||     2
       Rpst.: Falchion   |       |    11 |       |       |       ||    11
